 Dungeon Crawl Stone Soup version 0.22-a0-398-g8bb545f (webtiles) character file.

429 mhoghedin the Skirmisher (level 7, -4/57 HPs)
             Began as a Formicid Abyssal Knight on May 5, 2018.
             Was a Believer of Lugonu.
             Slain by a scorpion (9 damage)
             ... on level 4 of the Dungeon.
             The game lasted 00:06:16 (4541 turns).

mhoghedin the Skirmisher (Formicid Abyssal Knight)  Turns: 4541, Time: 00:06:17

Health: -4/57      AC:  1    Str: 18    XL:     7   Next: 19%
Magic:  9/9        EV: 12    Int: 13    God:    Lugonu [**....]
Gold:   149        SH:  0    Dex: 11    Spells: 6/6 levels left

rFire    + . .     SeeInvis +   a - +1 hand axe
rCold    + . .     Gourm    .   (no shield)
rNeg     . . .     Faith    .   g - +0 leather armour (curse)
rPois    +         Spirit   .   (helmet unavailable)
rElec    +         Reflect  .   (no cloak)
rCorr    +         Harm     .   (no gloves)
MR       .....                  (no boots)
Stlth    +.........             (no amulet)
HPRegen  0.59/turn              (no ring)
MPRegen  0.11/turn              (no ring)

@: resistant
A: permanent stasis, dig shafts and tunnels, four strong arms, antennae 3,
clever 1, deformed body, regeneration 1
a: Dig, Shaft Self, Depart the Abyss, Bend Space, Renounce Religion


You were on level 4 of the Dungeon.
You worshipped Lugonu.
Lugonu was pleased with you.
You were very hungry.

You visited 1 branch of the dungeon, and saw 4 of its levels.
You visited the Abyss 1 time.

You collected 149 gold pieces.

Inventory:

Hand Weapons
 a - a +1 hand axe (weapon)
Armour
 g - a cursed +0 leather armour (worn)
   (You found it on level 1 of the Dungeon)
Wands
 m - a wand of disintegration (13)
   (You found it on level 3 of the Dungeon)
Scrolls
 b - a scroll of identify
 f - 2 scrolls of enchant weapon {unknown}
 i - a scroll of fear {unknown}
 j - a scroll of teleportation {unknown}
 l - a scroll of enchant armour {unknown}
 p - a scroll of amnesia {unknown}
 q - a scroll of magic mapping {unknown}
Potions
 k - a potion of brilliance
 n - 2 potions of flight {unknown}
Comestibles
 c - 5 rations


   Skills:
 + Level 5.8 Fighting
 + Level 4.7 Axes
 - Level 2.9 Armour
 - Level 1.7 Dodging
 - Level 3.0 Invocations


You had 6 spell levels left.
You didn't know any spells.

Dungeon Overview and Level Annotations

Branches:
Dungeon (4/15)
 Temple: D:4-7

Altars:
Dithmenos
Ru

Annotations:
D:3 1 runed door, emperorscorpion's ghost, amateur GrBe


Innate Abilities, Weirdness & Mutations

You cannot be hasted, slowed, berserked, paralysed or teleported.
You can dig through walls and to a lower floor.
Your four strong arms can wield two-handed weapons with a shield.
You have a pair of large antennae on your head. (SInv)
Your mind is acute. (Int +2)
Armour fits poorly on your strangely shaped body.
Your natural rate of healing is unusually fast.


Message History

Lugonu accepts your kill.
You closely miss the goblin. The goblin barely misses you.
It was a potion of resistance.
You feel protected. The goblin barely misses you. Robin hits you with a mace.
You take 2 damage, and have 39/57 hp.
You barely miss Robin. You barely miss the goblin.
The goblin barely misses you. The hobgoblin barely misses you.
Robin hits you but does no damage.
You barely miss Robin. You closely miss the goblin.
The goblin closely misses you. The hobgoblin barely misses you.
You hit Robin. You hit the goblin. The goblin barely misses you.
The hobgoblin misses you.
You barely miss Robin. You hit the goblin.
The goblin hits you but does no damage. The hobgoblin misses you.
The hobgoblin shouts!
You slash Robin! You completely miss the goblin. The goblin barely misses you.
The hobgoblin barely misses you. Robin barely misses you.
You hit Robin but do no damage. You hit the goblin.
You kill the goblin!
Lugonu accepts your kill.
The hobgoblin hits you from afar with a trident.
Robin throws the goblin at you!
You take 3 damage, and have 39/57 hp.
You hit the goblin.
You kill the goblin!
Lugonu accepts your kill.
You closely miss Robin. The hobgoblin closely misses you.
Robin barely misses you.
You closely miss Robin. The hobgoblin closely misses you.
The hobgoblin hits you but does no damage.
Robin misses you.
The hobgoblin hits you from afar with a spear.
You take 3 damage, and have 37/57 hp.
You barely miss Robin.
The hobgoblin no longer looks unusually strong.
The hobgoblin hits you from afar with a trident.
The hobgoblin barely misses you. Robin hits you with a mace.
You take 4 damage, and have 33/57 hp.
You hit Robin but do no damage. The hobgoblin closely misses you.
The hobgoblin barely misses you. Robin misses you.
You hit Robin but do no damage.
The hobgoblin hits you but does no damage.
The hobgoblin barely misses you.
You barely miss Robin.
The hobgoblin no longer looks unusually strong.
Robin hits you with a mace.
The hobgoblin hits you but does no damage.
The hobgoblin hits you from afar with a trident!
You take 16 damage, and have 18/57 hp.
MASSIVE DAMAGE!!
Aim: Robin, wielding a mace, wearing an animal skin and wearing a helmet (heavily wounded, unusually agile, chance to defeat MR: 73%) Robin struggles to resist.
Robin roars a battlecry!
The hobgoblins go into a battle-frenzy!
The hobgoblin hits you from afar with a spear!
* * * LOW HITPOINT WARNING * * *
The hobgoblin barely misses you.
You take 9 damage, and have 9/57 hp.
Things that are here:
a club; an enchanted dagger
Okay, then.
Unknown command.
Unknown command.
Aim: Robin, wielding a mace, wearing an animal skin and wearing a helmet (heavily wounded, unusually agile, chance to defeat MR: 73%) Robin is blasted.
Robin misses you. The hobgoblin barely misses you.
A scorpion comes into view.
Aim: Robin, wielding a mace, wearing an animal skin and wearing a helmet (almost dead, unusually agile, chance to defeat MR: 73%) Robin is blasted.
You blow up Robin!
Lugonu accepts your kill.
The hobgoblin hits you from afar with a spear.
* * * LOW HITPOINT WARNING * * *
You take 5 damage, and have 7/57 hp.
The hobgoblin throws a stone.
The stone completely misses you.
The hobgoblin throws a stone.
The stone barely misses you.
The hobgoblin throws a stone.
The stone closely misses you.
The hobgoblin throws a stone.
The stone hits you.
* * * LOW HITPOINT WARNING * * *
The scorpion stings you.
* * * LOW HITPOINT WARNING * * *
You see here 3 stones.
The hobgoblin throws a stone.
The stone hits you.
* * * LOW HITPOINT WARNING * * *
You see here a stone.
You take 6 damage, and have 3/57 hp.
The worker ant twitches its antennae in your direction.
You feel better. The scorpion stings you!
* * * LOW HITPOINT WARNING * * *
The hobgoblin no longer looks unusually strong.
Okay, then.
Unknown command.
Are you sure you want to shaft yourself?
You are feeling very hungry.
The worker ant bites you.
* * * LOW HITPOINT WARNING * * *
The scorpion closely misses you.
You begin to dig a shaft.
You continue digging a shaft.
The worker ant barely misses you. The scorpion stings you!
You die...

### #.# ..# #.# ..####.#
# ...†)..#########.
..##............ ###
..##g###......# ..
..##.# #......# .#
..##)###......###.######
.....g)...g.g(.s@.......
.....###......#a#.######
########......#.#.#
..)...........#.#..
########......#.##..
#......#.# ...
#....(.#.# ....
#......#.# .....
#......#


You could see a scorpion, a worker ant and 2 hobgoblins.

Vanquished Creatures
  An ogre (D:4)
  2 orc wizards
  3 worker ants (D:4)
  An iguana (D:4)
  Robin (D:4)
  A worker ant zombie (D:2)
  8 adders
  2 worms
  2 dart slugs (D:1)
  3 leopard geckos (D:2)
  5 orcs
  6 giant cockroaches
  18 goblins
  5 hobgoblins
  5 jackals (D:3)
  8 kobolds
  3 ball pythons
  A ball python skeleton (D:4)
  4 bats
  2 frilled lizards
  9 rats
90 creatures vanquished.

Notes
Turn   | Place    | Note
-------+----------+-------------------------------------------
     0 | Abyss:1  | mhoghedin the Formicid Abyssal Knight began the quest for the Orb.
     0 | Abyss:1  | Reached XP level 1. HP: 18/18 MP: 2/2
   131 | Abyss:1  | Noticed an ancient zyme
   136 | D:1      | Escaped the Abyss
   221 | D:1      | Reached skill level 1 in Dodging
   323 | D:1      | Reached XP level 2. HP: 24/24 MP: 3/3
   844 | D:2      | Reached * piety under Lugonu
   851 | D:2      | Reached XP level 3. HP: 27/29 MP: 4/4
  1085 | D:2      | Found a shadowy altar of Dithmenos.
  1098 | D:2      | Reached XP level 4. HP: 24/37 MP: 6/6
  1419 | D:2      | Reached skill level 3 in Invocations
  1966 | D:2      | Reached skill level 4 in Fighting
  1966 | D:2      | Reached XP level 5. HP: 28/42 MP: 7/7
  2086 | D:2      | HP: 10/42 [poisoned by an adder]
  2092 | D:2      | HP: 8/42 [poisoned by an adder]
  2097 | D:2      | HP: 7/42 [poisoned by an adder]
  2105 | D:2      | HP: 6/42 [poisoned by an adder]
  2416 | D:3      | Noticed emperorscorpion's ghost (amateur GrBe)
  2451 | D:3      | Reached skill level 3 in Axes
  2551 | D:3      | HP: 4/43 [orc/mace (7)]
  3107 | D:3      | Reached ** piety under Lugonu
  3157 | D:3      | Found a sacrificial altar of Ru.
  3228 | D:3      | Found a runed door.
  3399 | D:4      | Reached XP level 6. HP: 39/49 MP: 8/8
  3406 | D:4      | HP: 11/49 [iguana (9)]
  3735 | D:4      | Noticed an ogre
  3746 | D:4      | Killed an ogre
  3746 | D:4      | Reached skill level 5 in Fighting
  3746 | D:4      | Reached skill level 4 in Axes
  3755 | D:4      | HP: 12/51 [poisoned by a worker ant]
  4059 | D:4      | HP: 12/51 [poisoned by a worker ant]
  4059 | D:4      | HP: 3/51 [worker ant (7)]
  4064 | D:4      | HP: 10/51 [worker ant (4)]
  4066 | D:4      | HP: 4/51 [worker ant (5)]
  4069 | D:4      | Reached XP level 7. HP: 16/56 MP: 9/9
  4072 | D:4      | HP: 11/56 [poisoned by a worker ant]
  4078 | D:4      | HP: 9/56 [poisoned by a worker ant]
  4086 | D:4      | HP: 9/56 [poisoned by a worker ant]
  4094 | D:4      | HP: 8/56 [poisoned by a worker ant]
  4146 | D:4      | Noticed Robin
  4505 | D:4      | Gained mutation: Armour fits poorly on your strangely shaped body. [potion of mutation]
  4505 | D:4      | Gained mutation: Your mind is acute. (Int +2) [potion of mutation]
  4505 | D:4      | Gained mutation: Your natural rate of healing is unusually fast. [potion of mutation]
  4523 | D:4      | HP: 9/57 [hobgoblin/spear[Robin] (9)]
  4529 | D:4      | Killed Robin
  4529 | D:4      | HP: 7/57 [hobgoblin/spear[Robin] (6)]
  4534 | D:4      | HP: 8/57 [hobgoblin/stone[Robin] (2)]
  4535 | D:4      | HP: 3/57 [hobgoblin/stone[Robin] (3)]
  4540 | D:4      | HP: 4/57 [worker ant (2)]
  4541 | D:4      | Slain by a scorpion

Vault maps used:
D:1:      saegor_arrival_miasma, minmay_misc_feat_iff, serial_bayou_ford_a
D:2:      minmay_wonky_spiral, nicolae_dithmenos_through_a_glass_darkly,
          first_ration
D:3:      lemuel_doored_altar, palyth_stone_intersect, uniq_crazy_yiuf_cottage
D:4:      uniq_pikel, uniq_robin
Abyss:1:  hangedman_summoners_spam

Skill      XL: |  1  2  3  4  5  6 |
---------------+-------------------+-----
Dodging        | 1 |  1.7
Invocations    | 3 |  3.0
Fighting       | 4 5 |  5.8
Axes           | 3 4 |  4.7
Armour         | |  2.9

Action                   |  1- 3 |  4- 6 |  7- 9 || total
-------------------------+-------+-------+-------++-------
Melee: Hand axe          |    87 |   218 |    43 ||   348
Invok: Depart the Abyss  |     1 |       |       ||     1
 Abil: Shaft Self        |       |       |     1 ||     1
Evoke: Wand              |       |     2 |     4 ||     6
  Use: Potion            |       |     3 |     4 ||     7
       Scroll            |       |     3 |       ||     3
  Eat: Chunk             |     1 |     8 |     2 ||    11
Armor: Leather armour    |    25 |    47 |     6 ||    78
Dodge: Dodged            |    61 |   158 |    39 ||   258

Table legend:
 A = Spawn XP
 B = Non-spawn XP
 C = Spawn XP percentage of total XP
 D = Spawn monster count
 E = Non-spawn monster count
 F = Spawn count percentage of total count
 G = Total turns spent on level
                    A         B        C        D         E        F      G
               +---------+---------+-------+---------+---------+-------+---------
         Total |       0 |     614 |   0.0 |       0 |      90 |   0.0 |  4541
               +---------+---------+-------+---------+---------+-------+---------
           D:1 |       0 |      23 |   0.0 |       0 |      14 |   0.0 |   653
           D:2 |       0 |     134 |   0.0 |       0 |      31 |   0.0 |  1651
           D:3 |       0 |     100 |   0.0 |       0 |      20 |   0.0 |   944
           D:4 |       0 |     357 |   0.0 |       0 |      25 |   0.0 |  1157
               +---------+---------+-------+---------+---------+-------+---------

Vault maps used:
D:1:      saegor_arrival_miasma, minmay_misc_feat_iff, serial_bayou_ford_a
D:2:      minmay_wonky_spiral, nicolae_dithmenos_through_a_glass_darkly,
          first_ration
D:3:      lemuel_doored_altar, palyth_stone_intersect, uniq_crazy_yiuf_cottage
D:4:      uniq_pikel, uniq_robin
Abyss:1:  hangedman_summoners_spam

Table legend:
 A = Turns spent in this place as a percentage of turns spent in the entire game.
 B = Non-inter-level travel turns spent in this place as a percentage of non-inter-level travel turns spent in the entire game.
 C = Inter-level travel turns spent in this place as a percentage of turns spent in this place.
 D = Turns resting spent in this place as a percentage of non-inter-level travel turns spent in this place.
 E = Turns spent auto-exploring this place as a percentage of non-inter-level travel turns spent in this place.
 F = Non-inter-level travel turns spent in this place divided by the number of levels of this place that you've seen.
                   A       B       C       D       E      F
               +-------+-------+-------+-------+-------+----------------------
         Total | 100.0 | 100.0 |   3.2 |  45.7 |  36.8 | 879.4
       Dungeon |  97.0 |  96.9 |   3.3 |  47.1 |  34.8 | 1065.2
         Abyss |   3.0 |   3.1 |   0.0 |   0.0 |  97.8 | 136.0
               +-------+-------+-------+-------+-------+----------------------

Table legend:
 A = Kills in this place as a percentage of kills in entire the game.
 B = Kills by you in this place as a percentage of kills by you in the entire game.
 C = Kills by friends in this place as a percentage of kills by friends in the entire game.
 D = Other kills in this place as a percentage of other kills in the entire game.
 E = Experience gained in this place as a percentage of experience gained in the entire game.
 F = Experience gained in this place divided by the number of levels of this place that you have seen.
                   A       B       C       D       E      F
               +-------+-------+-------+-------+-------+----------------------
         Total | 100.0 | 100.0 |   N/A |   N/A | 100.0 | 122.8
       Dungeon | 100.0 | 100.0 |   N/A |   N/A | 100.0 | 153.5
               +-------+-------+-------+-------+-------+----------------------
